 Dungeon Crawl Stone Soup version 0.24.0-13-gcf9b319 (webtiles) character file.

Game seed: 14544991430594780681, levelgen mode: deterministic

73 Fang the Shield-Bearer (level 4, -3/29 HPs)
             Began as a Gargoyle Fighter on Dec 19, 2019.
             Slain by Menkaure (9 damage)
             ... on level 4 of the Dungeon.
             The game lasted 00:04:33 (2686 turns).

Fang the Shield-Bearer (Gargoyle Fighter)           Turns: 2686, Time: 00:04:33

Health: -3/29      AC: 13    Str: 25    XL:     4   Next: 27%
Magic:  4/4        EV:  3    Int:  9    God:
Gold:   164        SH: 10    Dex:  9    Spells: 3/3 levels left

rFire    . . .     SeeInvis .   a - +0 war axe
rCold    . . .     Gourm    .   B - +1 shield
rNeg     + . .     Faith    .   b - +0 chain mail
rPois    ∞         Spirit   .   (no helmet)
rElec    +         Reflect  .   (no cloak)
rCorr    .         Harm     .   (no gloves)
MR       .....                  (no boots)
Stlth    ..........             (no amulet)
HPRegen  0.09/turn              (no ring)
MPRegen  0.09/turn              (no ring)

@: mighty, constricted
A: negative energy resistance 1, electricity resistance, unbreathing,
petrification resistance, rot immunity, AC +3
a: no special abilities


You were on level 4 of the Dungeon.
You were not hungry.

You visited 1 branch of the dungeon, and saw 4 of its levels.

You collected 164 gold pieces.

Inventory:

Hand Weapons
 a - a +0 war axe (weapon)
Armour
 b - a +0 chain mail (worn)
 B - a +1 shield (worn)
Scrolls
 e - a scroll of remove curse
 f - a scroll of teleportation
 g - a scroll of enchant armour
 h - a scroll of identify
Potions
 d - 2 potions of might
 n - 2 potions of haste
 o - a potion of cancellation
 p - a potion of heal wounds
Comestibles
 c - 8 rations
 m - a chunk of flesh


   Skills:
 + Level 3.9 Fighting
 + Level 2.5 Axes
 + Level 3.9 Armour
 + Level 4.0 Shields


You had 3 spell levels left.
You didn't know any spells.
Your spell library was empty.

Dungeon Overview and Level Annotations

Branches:
Dungeon (4/15)
 Temple: D:4-7

Altars:
Fedhas
Hepliaklqana
Vehumet
The Shining One

Annotations:
D:4 Menkaure


Innate Abilities, Weirdness & Mutations

You are resistant to torment.
Your stone body is resilient. (AC +3)
You are immune to poison.
You resist negative energy. (rN+)
You are resistant to electric shocks. (rElec)
You can survive without breathing.
You are immune to petrification.
You are immune to rotting.


Message History

You are too injured to fight recklessly!
You are too injured to fight recklessly!
You are too injured to fight recklessly!
You are too injured to fight recklessly!
You are too injured to fight recklessly!
You are too injured to fight recklessly!
You are too injured to fight recklessly!
You are too injured to fight recklessly!
You are too injured to fight recklessly!
You feel very mighty all of a sudden.
The ball python bites you but does no damage.
The ball python constricts you. Menkaure hits you but does no damage.
The ball python bites you but does no damage.
The ball python constricts you.
You completely miss Menkaure.
Menkaure is heavily damaged.
Your chain mail prevents you from hitting the ball python.
Menkaure breathes soot at you. Menkaure hits you!
You die...

... .#. ...?. ....
..$.... .... .>##.[#
.....#.##.. #
...#.##.####.... ##
#.#.#..<.....#
#...#...M.......##
#......S@..######
...###.#.## ##.#.# #
#..#.# ##_# #.##.#
8...8## #.##.# #
....?#####.##[# .#
....._#.##.##.######.##
...!.##....##.#....(...


You could see Menkaure and a ball python.

Vanquished Creatures
  An adder (D:4)
  2 worms
  3 leopard geckos
  An orc (D:3)
  A giant cockroach (D:3)
  10 goblins
  3 hobgoblins
  3 quokkas
  3 ball pythons
  5 bats
  8 frilled lizards
  11 kobolds
  3 rats
54 creatures vanquished.

Notes
Turn   | Place    | Note
-------+----------+-------------------------------------------
     0 | D:1      | Fang the Gargoyle Fighter began the quest for the Orb.
     0 | D:1      | Reached XP level 1. HP: 14/14 MP: 1/1
   192 | D:1      | Reached XP level 2. HP: 10/19 MP: 2/2
   486 | D:1      | Found a glowing golden altar of the Shining One.
  1240 | D:2      | Reached XP level 3. HP: 23/23 MP: 3/3
  2299 | D:3      | Reached XP level 4. HP: 20/29 MP: 4/4
  2659 | D:4      | Reached skill level 4 in Shields
  2668 | D:4      | Found a blossoming altar of Fedhas.
  2669 | D:4      | Found a hazy altar of Hepliaklqana.
  2671 | D:4      | Found a radiant altar of Vehumet.
  2679 | D:4      | Noticed Menkaure
  2686 | D:4      | Slain by Menkaure

Levels and vault maps discovered:
D:1:      dpeg_arrival_arbitrary_a, layout_basic, tso_metal_star
D:2:      layout_loops_ring, first_ration
D:3:      layout_rooms, serial_co_window_serial, co_window_paths_a,
          co_window_paths_b, co_window_paths_a, co_window_of_opportunity_a,
          co_window_paths_a, co_window_of_opportunity_a,
          co_window_unsneaky_path_c, co_window_of_opportunity_c,
          co_window_corner_ca, co_window_broadway_a, co_window_corner_ca,
          co_window_corner_cb, co_window_unsneaky_path_e, co_window_4corner_b,
          glass_columns_a, glass_columns_b, glass_columns_a
D:4:      layout_loops_ring, nicolae_overflow_hidden_temple, serial_shops,
          kennysheep_mini, uniq_menkaure

Skill      XL: |  1  2  3  4 |
---------------+-------------+-----
Axes           | 2 |  2.5
Shields        | 4 |  4.0
Fighting       | |  3.9
Armour         | |  3.9

Action                   |  1- 3 |  4- 6 || total
-------------------------+-------+-------++-------
Melee: War axe           |   158 |    38 ||   196
  Use: Scroll            |       |    10 ||    10
       Potion            |       |     1 ||     1
  Eat: Chunk             |     4 |     2 ||     6
Armor: Chain mail        |   122 |    26 ||   148
Dodge: Dodged            |    32 |     2 ||    34
Block: Shield            |    94 |    23 ||   117
